Cogmind - Beta 13 @@@ ROGUE MODE // 2024.04.07 @ 20:17:51 Player: Copyrite Result: Destroyed by D-53 Grenadier with Mini Grenade Launcher Performance ------------- Evolutions (0) 0 Regions Visited (2) 400 Robots Destroyed (21) 105 Value Destroyed (345) 345 Prototype IDs (0) 0 Alien Tech Used (0) 0 Bonus (0) 0 TOTAL SCORE: 850 Bonus ------- None Cogmind --------- Core Integrity 0/250 Matter 300/300 Energy 99/100 System Corruption 1% Temperature Cool (2) Movement Flying (37) Location -10/Mines Parts ------- > --- POWER (1) -------- (None) > --- PROPULSION (2) --- Flight Unit Flight Unit > --- UTILITY (2) ------ Signal Interpreter Hacking Suite > --- WEAPON (2) ------- Assault Rifle > --- INVENTORY (5) ---- Structural Scanner Signal Interpreter Improved Terrain Scanner Assault Rifle Datajack Peak State ------------ > --- POWER ------------ Light Ion Engine > --- PROPULSION ------- Flight Unit Flight Unit > --- UTILITY ---------- Signal Interpreter Hacking Suite > --- WEAPON ----------- Assault Rifle Assault Rifle > --- INVENTORY -------- Aluminum Leg Aluminum Leg Signal Interpreter Small Laser Datajack [Rating: 9] Favorites ----------- Power Light Ion Engine Engine Light Ion Engine Propulsion Flight Unit Treads Light Treads Flight Unit Flight Unit Utility Signal Interpreter Storage Small Storage Unit Processor Signal Interpreter Hackware Hacking Suite Weapon Assault Rifle Energy Gun Small Laser Ballistic Gun Assault Rifle Build | -11 -10 -10 ------- Run | Yrd Mat Min Slots Evolved . | . . . Power . | . . . Propulsion . | . . . Utility . | . . . Weapon . | . . . Parts Attached 16 | 6 10 . Power 3 | 1 2 . Engine 3 | 1 2 . Core . | . . . Reactor . | . . . Propulsion 5 | 2 3 . Treads 2 | 2 . . Leg . | . . . Wheel . | . . . Hover . | . . . Flight 3 | . 3 . Utility 4 | 1 3 . Device . | . . . Storage 1 | 1 . . Processor 1 | . 1 . Hackware 2 | . 2 . Protection . | . . . Artifact . | . . . Weapon 4 | 2 2 . Energy Gun 1 | . 1 . Energy Cannon . | . . . Ballistic Gun 3 | 2 1 . Ballistic Cannon . | . . . Launcher . | . . . Special Weapon . | . . . Impact Weapon . | . . . Slashing Weapon . | . . . Piercing Weapon . | . . . Special Melee Weapon . | . . . Unidentified Prototypes . | . . . Parts Lost 5 | . 4 1 Power 3 | . 2 1 Propulsion . | . . . Utility 1 | . 1 . Weapon 1 | . 1 . Highest Loss Streak 1 | . 1 1 To Critical Strikes . | . . . Average Slot Usage (%) 84 | . 84 81 Engine 10 | . 10 10 Treads 11 | . 12 . Flight 16 | . 15 28 Storage 6 | . 6 . Processor 13 | . 13 14 Hackware 4 | . 3 14 Energy Gun 1 | . 1 . Ballistic Gun 19 | . 20 14 Naked Turns . | . . . Heaviest Build 11 | 11 11 7 Greatest Support 40 | 40 40 8 Greatest Overweight (x) 3 | . 3 . Average Overweight (x) . | . . . Largest Inventory Capacity 8 | 8 8 5 Average Capacity 6 | 6 6 5 Most Carried 5 | 4 5 5 Average Carried 3 | 2 3 5 Final Capacity 8 | 8 5 5 Final Carried 5 | 4 5 5 Class Distribution -------------------- 100% | Mutant Dominant Class ---------------- Mutant | -10/Materials Mutant | -10/Mines Resources | -11 -10 -10 ----------- Run | Yrd Mat Min Matter Collected 633 | 260 348 25 Remotely . | . . . Salvage Created 657 | . 657 . Parts 44 | . 44 . Haulers Intercepted 1 | . 1 . Recyclers Shooed 1 | . 1 . Parts Field Recycled . | . . . Retrieved Matter . | . . . Parts Self-Destructed . | . . . Prevented . | . . . Kills | -11 -10 -10 ------- Run | Yrd Mat Min Combat Hostiles Destroyed 10 | . 10 . Guns 10 | . 10 . Classes Destroyed 9 | . 9 . Worker 2 | . 2 . Builder 1 | . 1 . Tunneler 1 | . 1 . Hauler 1 | . 1 . Recycler 2 | . 2 . Operator 2 | . 2 . Watcher 2 | . 2 . Swarmer 5 | . 5 . Grunt 5 | . 5 . Best Kill Streak 4 | . 4 . Combat Bots Only 3 | . 3 . Max Kills in Single Turn 2 | . 2 . Gunslinging 1 | . 1 . Exploded . | . . . Melee . | . . . Uniques/NPCs Destroyed . | . . . Combat | -11 -10 -10 -------- Run | Yrd Mat Min Hostile Shots Fired 86 | . 76 10 Missed 19 | . 18 1 Damage Taken 917 | . 698 219 Core 253 | . 159 94 Absorbed by Shields . | . . . Core Remaining (%) 100 | 100 . . Volleys Fired 75 | . 75 . Largest 2 | . 2 . Hottest 60 | . 60 . Shots Fired 109 | . 109 . Gun 109 | . 109 . Cannon . | . . . Launcher . | . . . Special . | . . . Kinetic 102 | . 102 . Thermal 7 | . 7 . Explosive . | . . . Electromagnetic . | . . . Robot Hit Streak 6 | . 6 . Robot Miss Streak 5 | . 5 . Penetration Max . | . . . Secondary Targets 1 | . 1 . Max Gunslinging Chain 1 | . 1 . Shots Hit Robots 56 | . 56 . Core Hits 28 | . 28 . Critical Kills . | . . . Critical Parts Destroyed . | . . . Critical Strikes . | . . . Melee Attacks . | . . . Impact . | . . . Slashing . | . . . Piercing . | . . . Sneak Attacks . | . . . Combat Hostiles . | . . . Follow-up Attacks . | . . . Damage Inflicted 789 | . 789 . Guns 719 | . 719 . Cannons . | . . . Explosions 70 | . 70 . Melee . | . . . Ramming . | . . . Kinetic 650 | . 650 . Thermal 139 | . 139 . Explosive . | . . . Electromagnetic . | . . . Impact . | . . . Slashing . | . . . Piercing . | . . . Highest Corruption 1 | . 1 1 Average Corruption 1 | . 1 1 Corruption Purged . | . . . Corruption Blocked . | . . . Effects 2 | . 2 . Message Errors 1 | . 1 . Energy Discharges 1 | . 1 . Overload Shots . | . . . Overflow Damage 74 | . 74 . Projectiles . | . . . Explosions 74 | . 74 . Melee . | . . . Knockbacks . | . . . Impact . | . . . Kinetic . | . . . Secondary . | . . . Self-Inflicted Damage 184 | . 184 . Shots 2 | . 2 . Rammed . | . . . Targets Rammed . | . . . Kicked . | . . . Crushed . | . . . Highest Temperature 14 | . 14 3 Average Temperature 6 | . 6 3 Received Heat Transfer 138 | . 108 30 Siege Activations . | . . . Robots Corrupted . | . . . Combat Hostiles . | . . . Parts Fried . | . . . Impact Corruptions . | . . . Robots Melted . | . . . Combat Hostiles . | . . . Parts Melted . | . . . Heat Transferred 200 | . 200 . Parts Sabotaged . | . . . Parts Stolen . | . . . Parts Stripped . | . . . Power Chain Reactions . | . . . Alert | -11 -10 -10 ------- Run | Yrd Mat Min Peak Influence 377 | . 377 162 Initial 147 | . . 147 Average 199 | . 222 155 Maximum Alert Level 1 | . 1 . Low Security (%) 40 | 100 30 100 Level 1 59 | . 69 . Level 2 . | . . . Level 3 . | . . . Level 4 . | . . . Level 5 . | . . . High Security . | . . . Max Security . | . . . Squads Dispatched 3 | . 3 . Investigation . | . . . Extermination . | . . . Reinforcement 3 | . 3 . Assault . | . . . Garrison . | . . . Intercept . | . . . Searches Triggered . | . . . Construction Impeded . | . . . Haulers Reinforced . | . . . Active Scanning Responses . | . . . Cargo Convoy Interrupts . | . . . Stealth | -11 -10 -10 --------- Run | Yrd Mat Min Distress Signals 1 | . 1 . Communications Jammed . | . . . Distress Signals . | . . . Times Spotted 34 | . 30 4 Peak Tracking Total 6 | . 6 4 Tactical Retreats 4 | . 4 . Traps | -11 -10 -10 ------- Run | Yrd Mat Min Traps Triggered 1 | . 1 . Indirectly . | . . . Trap Hack Attempts . | . . . Triggered . | . . . Disarmed . | . . . Reprogrammed . | . . . Reused . | . . . Traps Extracted . | . . . Installed . | . . . Triggered . | . . . Machines | -11 -10 -10 ---------- Run | Yrd Mat Min Machines Disabled 2 | . 2 . Max in Single Turn 2 | . 2 . Machines Repaired . | . . . Machines Dismantled . | . . . Machines Sabotaged . | . . . Overloaded Fab Kills . | . . . Hacking | -11 -10 -10 --------- Run | Yrd Mat Min Machines Accessed . | . . . Terminals . | . . . Fabricators . | . . . Repair Stations . | . . . Recycling Units . | . . . Scanalyzers . | . . . Garrison Access . | . . . Total Hacks . | . . . Successful . | . . . Failed . | . . . Catastrophic . | . . . Database Lockouts . | . . . Manual . | . . . Terminals . | . . . Fabricators . | . . . Repair Stations . | . . . Recycling Units . | . . . Scanalyzers . | . . . Garrison Access . | . . . Terminal Hacks . | . . . Fabricator Hacks . | . . . Repair Station Hacks . | . . . Recycling Unit Hacks . | . . . Scanalyzer . | . . . Garrison Access Hacks . | . . . Unauthorized Hacks . | . . . Terminals . | . . . Fabricators . | . . . Repair Stations . | . . . Recycling Units . | . . . Scanalyzers . | . . . Garrison Access . | . . . Data Cores Recovered . | . . . Used . | . . . Hacking Detections . | . . . Full Trace Events . | . . . Feedback Events . | . . . Feedback Blocked . | . . . Robot Schematics Acquired . | . . . Robots Built . | . . . Authchips . | . . . Time . | . . . Total Robot Build Rating . | . . . Part Schematics Acquired . | . . . Parts Built . | . . . Authchips . | . . . Time . | . . . Total Part Build Rating . | . . . Parts Repaired . | . . . Time . | . . . Parts Recycled . | . . . Recycled Matter . | . . . Retrieved Matter . | . . . Retrieved Components . | . . . Parts Scanalyzed . | . . . Part Schematics Acquired . | . . . Parts Damaged . | . . . Bothacking | -11 -10 -10 ------------ Run | Yrd Mat Min Used RIF Installer . | . . . Robots Hacked . | . . . Non-combat . | . . . Combat . | . . . Robot Hacks Applied . | . . . Relay Couplers Released . | . . . Fabnet Peak Effective % . | . . . Robots Rewired . | . . . Allies Hacked . | . . . Hacks Repelled . | . . . Allies | -11 -10 -10 -------- Run | Yrd Mat Min Total Allies . | . . . Largest Group . | . . . Highest-Rated Group . | . . . Highest-Rated Ally . | . . . Total Orders . | . . . Ally Attacks . | . . . Total Damage . | . . . Kills . | . . . Allies Corrupted . | . . . Allies Melted . | . . . Intel | -11 -10 -10 ------- Run | Yrd Mat Min Robot Analysis Total . | . . . Derelict Logs Recovered . | . . . Drone Launches . | . . . Drone Recoveries . | . . . Exploration | -11 -10 -10 ------------- Run | Yrd Mat Min Turns Passed 761 | 68 651 42 Spaces Moved 816 | 38 709 69 Core 5 | 4 1 . Treads 165 | 34 131 . Legs . | . . . Wheels . | . . . Hover . | . . . Flight 646 | . 577 69 Fastest Speed 37 | 50 37 37 Average Speed 62 | 148 60 37 Slowest Speed 200 | 160 200 37 Overloaded Moves . | . . . Propulsion Burnouts . | . . . Robots Hopped 12 | . 10 2 Cave-ins Triggered . | . . . Exploration Rate (%) 28 | 4 60 20 Regions Visited 2 Branch Regions 1 Pre-discovered Areas . | . . . Known Exits Taken 1 | . 1 . Unknown Exits Taken 1 | 1 . . Scrap Searched 1 | . . 1 Spaces Dug . | . . . Terrain Destroyed 41 | . 41 . Melee . | . . . Projectile . | . . . AOE 41 | . 41 . Terrain Rammed . | . . . Walls Destroyed . | . . . Machines Disabled . | . . . Actions | -11 -10 -10 --------- Run | Yrd Mat Min Total 942 | 47 812 83 Wait 31 | . 15 16 Move 791 | 37 689 65 Hop 11 | . 9 2 Pick Up 9 | 4 5 . Fast Attach 14 | 6 8 . Attach 1 | . 1 . Detach . | . . . Swap 1 | . 1 . Drop 9 | . 9 . Fire 75 | . 75 . Melee . | . . . Ram . | . . . Kick . | . . . Crush . | . . . Escape Stasis . | . . . Rewire . | . . . Trap . | . . . Miscellaneous . | . . . Route ------- -11/Scrapyard -10/Materials (discovered 3 exits: *Mat x2 / *Min) -10/Mines (discovered 1 exit: *Mat) History --------- Turn | Location | Event 3 | -11/Scrapyard | Discovered new exit (range 16) 69 | -11/Scrapyard | Entered Materials 321 | -10/Materials | Build established: Mutant 369 | -10/Materials | Discovered new exit (range 15) 410 | -10/Materials | Discovered new exit (range 3) 547 | -10/Materials | Identified exit to Materials 581 | -10/Materials | Core integrity fell below 50% 677 | -10/Materials | Discovered new exit (range 15) 682 | -10/Materials | Identified exit to Mines 720 | -10/Materials | Entered Mines 752 | -10/Mines | Assembled infested the area 757 | -10/Mines | Assisted by a Guerilla fighting off Assembled 757 | -10/Mines | Discovered exit to Materials (range 6) 758 | -10/Mines | Core integrity fell below 20% 762 | -10/Mines | Destroyed by D-53 Grenadier with Mini Grenade Launcher Last Messages --------------- Demolisher response squad. A derelict emerges from the shadows: "You need to get out of here! I've been tracking a group of Assembled to figure out where they're coming from, and they're closing on this area, come on!" Searching scrap... Found Lrg. Battery. Found Lgt. Cannon. Found 20 Matter. EXIT=FOUND: MATERIALS NX-YF3(h): "I'll hold them off! Go on ahead or try to find another way!" HV Slug penetrates Wall. C-30 ARC bursts open, deploying its payload. D-53 Grenadier unfolds itself. R-06 Scavenger destroyed. Ion Engine destroyed. Acquired 25 matter. T-07 Excavator destroyed. Map ----- +----------------------------------------------------+ | | | | | ???????????????????????????????????? | | ???????????????????????????????????? | | ???????????????????????????????????? | | ???????????????????????????????????? | | ???????????????????????????????????? | | ???????????????????????????????????? | | ???????????????????????????????????? | | ???????????????????????????????????? | | ???????????????????????????????????? | | ???????????? ##????????????????????? | | ???????????? #????????????????????? | | ???????????? #????????????????????? | | ???????????? #????????????????????? | | ???????????? #????????????????????? | | ???????????? #????????????????????? | | ???????????? #????????????????????? | | ??????###??#u ##???????????????????? | | ?????## ### ##??????????????????? | | ?????# ## ##?????????????????? | | ?????# #?????????????????? | | ??????# ??????????????????? | | ??????# ????????????????????? | | ???????# < #???????##????????????? | | ??????## =@ ###????? #????????????? | | ?????## ! #????? #????????????? | | ?????# d #????? ###??????????? | | ?????# d ###### ##?????????? | | ?????# ] h #?????????? | | ?????## t #?????????? | | ??????# ### #?????????? | | ??????# ##### ##?????????? | | ??????## ## ### ##??????????? | | ???????#### ##???????????? | | ??????????# #????????????? | | ??????????# ##????????????? | | ??????????## ##????????????? | | ????????##### ##???????????? | | ????????# #???????????? | | ????????# #???????????? | | ????????# ## ##???????????? | | ????????# ## ????????? | | ?????#### ## ??????? | | ?????# ## ## ## ## ???????? | | ?????# ##########? #?? ??????? | | ?????# #####?????????? #???##??????? | | ???### #?????????????? #???????????? | | ??## ##??????????????#???????????? | | ??# ##?????????????????????????? | +----------------------------------------------------+ Best States ------------- Heat Dissipation 25 Energy Generation 10 Energy Capacity 250 Matter Stores 300 Matter Capacity 300 Sight Range 16 Terrain Scan Density 10 Evasion (%) 62 Recoil Reduction 2 Offensive Hacking 10 Item Schematics ----------------- None Robot Schematics ------------------ None Fabricated ------------ Nothing Alien Tech Used ----------------- None Achievements -------------- None Challenges ------------ None Game ------ Seed LobotomySkeletonShielding Manual? 0 Play Time 00:09:48 Cumulative 14.2 hours Start 2024.04.07 @ 20:08:43 End 2024.04.07 @ 20:17:51 Sessions 1 Manual Loads 0 Difficulty Rogue Special Mode None Game No. 26 Rogue 26 Adventurer 0 Explorer 0 Win Type - Total 0 Types 0/0/0/0/0/0/0/0/0 Lore% 10 Gallery% 19 Achievement% 19 Wizard Run 0 Options --------- Layout 1 ASCII 0 Keyboard 0 Movement Numpad Keybinds 0 Fullscreen 1 Font 32/SmallcapsGlow Map View 50x35 Zoom Use 0% Tactical HUD 0 Map Filters NONE Filters NONE Steam 1 RUN: 51b19e0a-b7bb-4313-90ce-1732008dfcdf